Construct Weapon Support Center
Selects Airborne Battlegroup
Selects Heavy Machine Gun Paradrop
Heavy Machine Gun Paradrop
Heavy Machine Gun Paradrop
Improved M9 Bazooka Rockets
Mechanized Support Center
Construct Medical Station
Selects Paratrooper Squad Paradrop
Paratrooper Squad Paradrop
Heavy Machine Gun Paradrop
Paratrooper Squad Paradrop
Selects Anti-tank Gun Team Paradrop
Heavy Machine Gun Paradrop
Anti-tank Gun Team Paradrop
Anti-tank Gun Team Paradrop
Selects Paradrop Reinforcements
Paratrooper Squad Paradrop
Anti-tank Gun Team Paradrop